 Dungeon Crawl Stone Soup version 0.31.0-32-g396128a36d (webtiles) character file.

Game seed: 13310344166674518710

4640 Eitelfritz the Carver (level 10, -7/84 HPs)
             Began as a Minotaur Gladiator on Mar 22, 2024.
             Was an Initiate of Yredelemnul.
             Mangled by Pikel
             ... wielding a +1 whip of electrocution
              (20 damage)
             ... on level 8 of the Dungeon.
             The game lasted 00:23:29 (8509 turns).

Eitelfritz the Carver (Minotaur Gladiator)          Turns: 8509, Time: 00:23:30

Health: -7/84      AC:  0    Str: 19    XL:     10   Next: 20%
Magic:  12/12      EV: 24    Int:  7    God:    Yredelemnul [......]
Gold:   150        SH:  0    Dex: 19    Spells: 9/9 levels left

rFire   . . .        a - melded +0 long sword
rCold   . . .        (shield currently unavailable)
rNeg    . . .        y - melded +0 steam dragon scales
rPois   .            c - melded +1 hat
rElec   .            u - melded +2 cloak {rCorr}
rCorr   .            n - melded +0 pair of gloves
SInv    .            z - melded +0 pair of boots
Will    .....        t - amulet of the acrobat
Stlth   ++           p - melded +6 ring of dexterity
HPRegen 0.34/turn    D - melded ring "Naoluq" {Fly rPois Str+3}
MPRegen 0.13/turn

%: acrobat
@: bat-form, flying, very quick
A: fast, flying, no casting, tiny, (horns 2), (retaliatory headbutt)
a: Renounce Religion, Recall Undead Harvest


You were on level 8 of the Dungeon.
You worshipped Yredelemnul.
Yredelemnul was noncommittal.
You were a bat.
You visited 2 branches of the dungeon, and saw 9 of its levels.
You also visited: Ossuary.

You collected 610 gold pieces.
You spent 460 gold pieces at shops.

Inventory:

Hand Weapons
 a - a +0 long sword (melded)
 b - a +0 orcbow
 k - a +0 great sword
Missiles
 d - 3 throwing nets (quivered)
 e - a javelin
 m - 21 poisoned darts
Armour
 c - a +1 hat (melded)
 n - a +0 pair of gloves (melded)
 u - a +2 cloak of preservation (melded)
 y - +0 steam dragon scales (melded)
 z - a +0 pair of boots (melded)
Jewellery
 g - an amulet of guardian spirit
 l - an amulet of magic regeneration
 p - a +6 ring of dexterity (melded)
 t - an amulet of the acrobat (around neck)
 D - the ring "Naoluq" (melded) {Fly rPois Str+3}
   (You bought it in a shop on level 3 of the Dungeon)

   [ring of flight]

   Str+3:     It affects your strength (+3).
   rPois:     It protects you from poison Fly: It grants you flight.
 E - a ring of protection from fire
 I - a ring of poison resistance
Wands
 q - a wand of flame (44)
 s - a wand of acid (36)
 G - a wand of roots (2)
 L - a wand of polymorph (5)
Scrolls
 f - 2 scrolls of identify
 w - 4 scrolls of teleportation
 A - a scroll of summoning {unknown}
 C - a scroll of poison
 H - a scroll of blinking
 K - a scroll of enchant weapon {unknown}
Potions
 h - 6 potions of enlightenment
 i - 4 potions of curing
 j - 4 potions of brilliance
 o - 2 potions of mutation
 r - 2 potions of resistance
 v - 4 potions of might {unknown}
 x - 2 potions of attraction
 B - 4 potions of haste
 F - 2 potions of invisibility
 J - 2 potions of lignification


   Skills:
 + Level 6.9 Fighting
 + Level 12.3 Long Blades
 + Level 1.5 Ranged Weapons
 + Level 2.1 Throwing
 + Level 7.0 Armour
 + Level 6.2 Dodging
 + Level 2.8 Stealth
 * Level 4.1 Invocations


You had 9 spell levels left.
You didn't know any spells.
Your spell library contained the following spells:

 Spells                   Type           Power      Damage    Failure   Level
 Apportation              Tloc           0%         N/A       43%         1
 Shock                    Conj/Air       0%         1d3       43%         1
 Slow                     Hex            0%         N/A       43%         1
 Blink                    Tloc           0%         N/A       56%         2
 Jinxbite                 Hex            0%         N/A       56%         2
 Lesser Beckoning         Tloc           0%         N/A       56%         2
 Momentum Strike          Conj/Tloc      0%         3d8       56%         2
 Confusing Touch          Hex            0%         N/A       80%         3
 Gell's Gravitas          Tloc           0%         N/A       80%         3
 Sigil of Binding         Hex            0%         N/A       80%         3
 Swiftness                Air            0%         N/A       80%         3
 Teleport Other           Tloc           0%         N/A       80%         3
 Vampiric Draining        Necr           0%         2d6       80%         3
 Airstrike                Air            0%         2d(0-16)  99%         4
 Alistair's Intoxication  Alch           0%         N/A       100%        5
 Iskenderun's Battlesphe  Conj           0%         2d6       100%        5
 Bombard                  Conj/Erth      0%         9d1       100%        6
 Dispersal                Tloc           0%         N/A       100%        6
 Spellforged Servitor     Conj/Summ      0%         N/A       100%        7


Dungeon Overview and Level Annotations

Branches:
Dungeon (8/15)             Temple (1/1) D:5         Ossuary (visited)
   Lair: D:8-11

Altars:
Cheibriados
Dithmenos
Elyvilon
Fedhas
Gozag
Hepliaklqana
Kikubaaqudgha
Makhleb
Nemelex Xobeh
Okawaru
Qazlal
Ru
Sif Muna
Uskayaw
Vehumet
Xom
Yredelemnul
Zin
The Shining One

Shops:
D:3 =   D:6 =(([=

Annotations:
D:7 exclusion: oklob plant
D:8 Pikel


Innate Abilities, Weirdness & Mutations

You are a bat.
You are tiny and dextrous.
You move quickly.
You are flying.
Your equipment is almost entirely melded.
You are incapable of wielding weapons or throwing items.
You cannot cast spells.
((You have a pair of horns on your head.))
((You reflexively headbutt those who attack you in melee.))


Message History

Pikel hits you with a +1 whip of electrocution.
You are electrocuted!
A lemure comes into view.
You barely miss Pikel.
Pikel is moderately wounded.
Pikel hits you with a +1 whip of electrocution!
You are electrocuted!
You miss Pikel.
Pikel is moderately wounded.
The lemure shouts!
You hit Pikel but do no damage.
Pikel is moderately wounded.
Pikel barely misses you.
You hit Pikel.
Pikel is moderately wounded.
Pikel closely misses you.
You hit Pikel.
Pikel is moderately wounded.
Pikel hits you with a +1 whip of electrocution.
You are electrocuted!
* * * LOW HITPOINT WARNING * * *
You closely miss Pikel.
Pikel is moderately wounded.
Pikel misses you.
You hit Pikel but do no damage.
Pikel is moderately wounded.
Pikel closely misses you.
You hit Pikel.
Pikel is moderately wounded.
You hit Pikel but do no damage.
Pikel is moderately wounded.
Pikel completely misses you.
You hit Pikel but do no damage.
Pikel is moderately wounded.
Pikel hits you with a +1 whip of electrocution!
* * * LOW HITPOINT WARNING * * *
You are electrocuted!!
You die...
Pikel says, "See you in Hell!"
Your body rises from the dead as a mindless zombie.

#.. ### ##### #... #
...# ### # #55 ..# # #K#
#.# # #b# #.# # #.# #>#
# #.# #.####### #.#
####........
.#####.#####...........
...............#########
########.####.)# # ...#
#..# ##..# #^.#


You could see Pikel and 2 lemures.

Vanquished Creatures
  Maurice (D:8)
  The ghost of dvd2 the Gusty, a novice OpAE of Vehumet (D:7)
  Maggie (D:6)
  A wraith (D:7)
  Eustachio (D:4)
  A sky beast (D:7)
  4 ice beasts
  2 black bears
  An ogre (D:6)
  2 lemures (D:8)
  A phantom (D:5)
  2 kobold brigands (D:6)
  An elf zombie (Ossuary)
  3 gnoll sergeants
  2 bullfrogs (D:7)
  4 scorpions
  A bombardier beetle (D:7)
  4 centaur zombies (Ossuary)
  3 jellies
  8 hounds
  5 orc priests
  2 human zombies (Ossuary)
  4 gnoll boudas
  2 sleepcaps (D:7)
  4 iguanas
  5 orc wizards
  9 hound zombies (Ossuary)
  2 mummies (Ossuary)
  Robin (D:3)
  9 gnolls
  5 adders
  2 shadow imps
  A white imp (D:7)
  2 ufetubi (D:6)
  3 adder zombies (Ossuary)
  2 dart slugs
  4 ribbon worms
  25 orcs
  8 bats
  5 endoplasms
  A giant cockroach (D:2)
  6 gnoll zombies (Ossuary)
  23 goblins
  15 hobgoblins
  4 jackals (D:3)
  10 kobolds
  2 quokkas (D:3)
  4 ball pythons
  6 frilled lizards
  6 jackal zombies (Ossuary)
  3 kobold zombies (Ossuary)
  3 orc zombies (Ossuary)
  6 rats
233 creatures vanquished.

Vanquished Creatures (collateral kills)
  A wyvern (D:7)
  A scorpion (D:6)
  A hound (D:6)
  An orc priest (D:7)
  3 orc wizards
  3 gnolls
  An ufetubus (D:6)
  3 orcs
  2 hobgoblins (D:6)
  2 kobolds (D:6)
  2 butterflies (D:7)
20 creatures vanquished.

Vanquished Creatures (others)
  A scorpion zombie (D:7)
  An ice beast zombie (D:7)
  2 hound zombies (D:6)
  2 ufetubi
  A spectral shadow imp (D:6)
  An orc (D:7)
  3 gnoll zombies
  2 hobgoblin zombies (D:6)
  8 orc zombies
  5 spectral ufetubi
26 creatures vanquished.

Grand Total: 279 creatures vanquished

Notes
Turn   | Place    | Note
-------+----------+-------------------------------------------
     0 | D:1      | Eitelfritz the Minotaur Gladiator began the quest for the
                  | Orb.
     0 | D:1      | Reached XP level 1. HP: 18/18 MP: 0/0
   239 | D:1      | Reached skill level 4 in Long Blades
   239 | D:1      | Reached XP level 2. HP: 25/25 MP: 1/1
  1087 | D:2      | Reached XP level 3. HP: 25/30 MP: 2/2
  1113 | D:2      | Reached skill level 1 in Armour
  1194 | D:2      | Reached XP level 4. HP: 19/37 MP: 3/3
  1555 | D:2      | Found a faded altar of an unknown god.
  1564 | D:2      | Reached skill level 5 in Long Blades
  1882 | D:3      | Noticed Robin
  1905 | D:3      | Killed Robin
  1911 | D:3      | Reached XP level 5. HP: 30/45 MP: 4/4
  2376 | D:3      | Found Ytteewk's One-of-a-Kind Rings.
  2716 | D:4      | Noticed Eustachio
  2720 | D:4      | Found a sacrificial altar of Ru.
  2738 | D:4      | Killed Eustachio
  2739 | D:4      | Reached skill level 6 in Long Blades
  2739 | D:4      | Reached XP level 6. HP: 37/51 MP: 5/5
  2849 | D:4      | Found a shimmering blue altar of Sif Muna.
  2927 | D:4      | Found a hide-covered altar of Uskayaw.
  3200 | D:4      | Reached skill level 7 in Long Blades
  3985 | D:5      | Entered Level 5 of the Dungeon
  4001 | D:5      | Reached XP level 7. HP: 57/59 MP: 6/6
  4165 | D:5      | Reached skill level 1 in Stealth
  4287 | D:5      | Found a snail-covered altar of Cheibriados.
  4345 | D:5      | Found a staircase to the Ecumenical Temple.
  4351 | Temple   | Entered the Ecumenical Temple
  4389 | Temple   | Became a worshipper of Yredelemnul the Dark
  4409 | D:5      | Reached skill level 8 in Long Blades
  4511 | D:5      | Reached skill level 5 in Armour
  4561 | D:5      | Reached * piety under Yredelemnul
  4562 | D:5      | Reached skill level 5 in Fighting
  4562 | D:5      | Reached XP level 8. HP: 50/68 MP: 7/7
  4751 | D:5      | Found a burning altar of Makhleb.
  5190 | D:6      | Found Nigommi's Weapon Shop.
  5296 | D:6      | Found Axkeib's Weapon Emporium.
  5317 | D:6      | Found Imiaj's Jewellery Emporium.
  5328 | D:6      | Reached ** piety under Yredelemnul
  5352 | D:6      | Reached skill level 9 in Long Blades
  5371 | D:6      | Noticed Maggie
  5373 | D:6      | Reached skill level 5 in Dodging
  5383 | D:6      | Killed Maggie
  5490 | D:6      | Found Poatz's Armour Boutique.
  5500 | D:6      | Bought a +0 pair of gloves for 58 gold pieces
  5629 | D:6      | Reached *** piety under Yredelemnul
  5647 | D:6      | Reached **** piety under Yredelemnul
  5654 | D:6      | Reached skill level 10 in Long Blades
  5781 | D:6      | Reached skill level 1 in Invocations
  5781 | D:6      | Reached XP level 9. HP: 68/75 MP: 8/8
  6028 | D:6      | Found Nisaejoa's Jewellery Shop.
  6294 | D:3      | Bought the ring "Naoluq" {Fly rPois Str+3} for 350 gold
                  | pieces
  6426 | D:7      | Reached skill level 11 in Long Blades
  6432 | D:7      | Found a sand-covered staircase.
  6484 | Ossuary  | Entered an ossuary
  6952 | D:7      | Found a transporter.
  6954 | D:7      | Noticed an oklob plant
  7012 | D:7      | Found a transporter.
  7066 | D:7      | Noticed dvd2's ghost (novice OpAE)
  7074 | D:7      | Found a glowing golden altar of the Shining One.
  7305 | D:7      | Found an opulent altar of Gozag.
  7350 | D:7      | Found a shimmering altar of Xom.
  7375 | D:7      | Reached skill level 12 in Long Blades
  7569 | D:6      | Bought a +0 orcbow for 52 gold pieces
  7633 | D:7      | Killed dvd2's ghost
  7634 | D:7      | Reached XP level 10. HP: 34/84 MP: 8/11
  7638 | D:7      | HP: 4/84 [wraith (8)]
  8304 | D:8      | Noticed Maurice
  8315 | D:8      | Killed Maurice
  8316 | D:8      | Reached skill level 1 in Ranged Weapons
  8354 | D:8      | Found a white marble altar of Elyvilon.
  8361 | D:8      | Found a stormy altar of Qazlal.
  8383 | D:8      | Found a radiant altar of Vehumet.
  8482 | D:8      | Noticed Pikel
  8509 | D:8      | Mangled by Pikel

Illustrated notes

Levels and vault maps discovered:
D:1:      kilobyte_arrival_exit_the_forest, layout_loops_ring,
          patterned_corridor
D:2:      kennysheep_six_static_rooms, layout_rooms,
          hellmonk_ecumenical_altar_prayer_group, dreamdust_princess_corridor
D:3:      layout_loops_corners, nicolae_shop_unique_rings,
          minmay_misc_feat_square, grunt_decor_one_mirror, uniq_robin
D:4:      layout_cave_pods, kennysheep_little_box, old_standard_altar,
          mainiacjoe_overflow_six_doors_small, uniq_eustachio
D:5:      layout_basic, mainiacjoe_overflow_tiny_flanked,
          makhleb_heckhound_becter, minmay_temple_entry_glassed_door
D:6:      kennysheep_housing_project, layout_basic, serial_shops,
          nicolae_shop_back_alley_shop, nicolae_shop_scrapyard,
          nicolae_shop_real_fake_doors, shop, shop, uniq_maggie
D:7:      layout_gridville, xom_butterflies, lemuel_crystal_altar,
          mainiacjoe_overflow_alcove_1, nicolae_ossuary_entry_ruins,
          nzn_ghost_randoct
D:8:      layout_loops_ring, mainiacjoe_overflow_big_doors,
          nicolae_vehumet_altar_sigil, dpeg_oklobed_lair,
          ebering_ghost_rock_garden, uniq_pikel, uniq_grum, uniq_maurice
Temple:   hellmonk_temple_flake

Skill      XL: |  1  2  3  4  5  6  7  8  9 10 |
---------------+-------------------------------+-----
Long Blades    | 4 5 6 7 8 10 12 | 12.3
Armour         | 1 2 3 5 7 |  7.0
Fighting       | 3 4 5 6 |  6.9
Dodging        | 4 5 6 |  6.2
Stealth        | 1 2 |  2.8
Invocations    | 1 3 4 |  4.1
Ranged Weapons | 1 |  1.5
Throwing       | |  2.1

Action                     |  1- 3 |  4- 6 |  7- 9 | 10-12 || total
---------------------------+-------+-------+-------+-------++-------
  Melee: Long sword        |    71 |   188 |    38 |    18 ||   315
         Headbutt          |     4 |    30 |    59 |     8 ||   101
         Punch             |       |     2 |     1 |       ||     3
         Great sword       |       |       |   256 |    10 ||   266
         Unarmed           |       |       |       |    14 ||    14
   Fire: Orcbow            |       |       |       |    28 ||    28
 Invoke: Recall Undead Har |       |       |     1 |       ||     1
    Use: Scroll            |       |     7 |     9 |       ||    16
         Potion            |       |       |       |     2 ||     2
   Stab: Distracted        |       |       |     6 |       ||     6
         Sleeping          |       |       |     2 |     2 ||     4
 Armour: Leather armour    |    41 |     2 |       |       ||    43
         Scale mail        |       |   137 |    87 |       ||   224
         Steam dragon scal |       |       |   123 |    41 ||   164
         Skin              |       |       |       |     4 ||     4
  Dodge: Dodged            |    50 |   123 |   257 |    37 ||   467
